 Dungeon Crawl Stone Soup version 0.29-a0-559-g359e09b9d1 (webtiles) character file.

Game seed: 11407182753950818802

53 DocClef the Covert (level 3, -5/32 (35) HPs)
             Began as a Gnoll Delver on June 9, 2022.
             Slain by a necrophage (7 damage)
             ... on level 5 of the Dungeon.
             The game lasted 00:00:10 (37 turns).

DocClef the Covert (Gnoll Delver)                     Turns: 37, Time: 00:00:11

HP:   -5/32 (35)    AC:  3    Str: 11    XL:     3   Next: 89%
MP:   1/4           EV: 13    Int:  9    God:
Gold: 0             SH:  0    Dex: 15    Spells: 4/4 levels left

rFire   . . .      SeeInvis .   a - +0 short sword
rCold   . . .      Faith    .   (no shield)
rNeg    . . .      Spirit   .   b - +0 leather armour
rPois   .          Reflect  .   (no helmet)
rElec   .          Harm     .   (no cloak)
rCorr   .          Rampage  .   (no gloves)
Will    .....                   (no boots)
Stlth   ++++......              (no amulet)
HPRegen 0.10/turn               (no ring)
MPRegen 0.09/turn               (no ring)

@: drained
A: fangs 1, strong nose, distributed training
a: no special abilities


You were on level 5 of the Dungeon.
You visited 1 branch of the dungeon, and saw 1 of its levels.

Inventory:

Hand Weapons
 a - a +0 short sword (weapon)
Armour
 b - a +0 leather armour (worn)
Jewellery
 i - a ring of positive energy
Wands
 g - a wand of digging (3)
Scrolls
 c - a scroll of fog
 d - a scroll of magic mapping
 e - a scroll of fear
Potions
 f - a potion of haste
 h - a potion of magic {unknown}
 j - a potion of flight {unknown}


   Skills:
 + Level 6.5 Fighting
 + Level 4.6 Short Blades
 + Level 1.0 Long Blades
 + Level 1.0 Axes
 + Level 1.0 Maces & Flails
 + Level 1.0 Polearms
 + Level 1.0 Staves
 + Level 1.0 Slings
 + Level 1.0 Bows
 + Level 1.0 Crossbows
 + Level 1.0 Throwing
 + Level 1.0 Armour
 + Level 4.6 Dodging
 + Level 9.6 Stealth
 + Level 1.0 Shields
 + Level 1.0 Unarmed Combat
 + Level 1.0 Spellcasting
 + Level 0.7 Conjurations
 + Level 0.7 Hexes
 + Level 0.7 Summonings
 + Level 0.7 Necromancy
 + Level 0.7 Translocations
 + Level 0.7 Transmutations
 + Level 0.7 Fire Magic
 + Level 0.7 Ice Magic
 + Level 0.7 Air Magic
 + Level 0.7 Earth Magic
 + Level 0.7 Poison Magic
 + Level 1.0 Invocations
 + Level 1.0 Evocations


You had 4 spell levels left.
You didn't know any spells.
Your spell library was empty.

Dungeon Overview and Level Annotations

Branches:
Dungeon (5/15)
 Temple: D:4-7

Altars:


Innate Abilities, Weirdness & Mutations

You have very sharp teeth.
Your uncanny sense of smell can sniff out nearby items.
Your experience applies equally to all skills.


Message History

Your Throwing skill increases to level 1!
Your Armour skill increases to level 1!
Your Shields skill increases to level 1!
Your Unarmed Combat skill increases to level 1!
Your Spellcasting skill increases to level 1!
Your Invocations skill increases to level 1!
Your Evocations skill increases to level 1!
You have reached level 2!
You have reached level 3!
Your experience leads to an increase in your attributes!
Increase (S)trength, (I)ntelligence, or (D)exterity?
You feel agile. x2
Unknown command.
You barely miss the necrophage. Your bite misses the necrophage.
The necrophage hits you.
You feel drained.
You hit the necrophage but do no damage.
The necrophage hits you.
You hit the necrophage but do no damage.
You hit the necrophage.
The necrophage is lightly damaged.
The necrophage hits you.
You feel drained.
You hit the necrophage but do no damage.
The necrophage is lightly damaged.
The necrophage misses you.
You hit the necrophage.
The necrophage is lightly damaged.
The necrophage misses you.
You hit the necrophage but do no damage.
The necrophage is lightly damaged.
The necrophage hits you.
You hit the necrophage.
The necrophage is lightly damaged.
The necrophage hits you.
* * * LOW HITPOINT WARNING * * *
You feel drained.
* * * LOW HITPOINT WARNING * * *
You barely miss the necrophage. You bite the necrophage.
The necrophage is moderately damaged.
The necrophage hits you!
You die...

##............. #.
##............... #
#.##................. .#
#................[... ..#
##...................
...##....................
...#............n........
...#............@........
..................†.....#
...>...<...............#
......................##
#...................###
...................##
..................##
.................##
##.............###


You could see a necrophage.

Vanquished Creatures
  A scorpion (D:5)
  A quokka (D:5)
2 creatures vanquished.

Notes
Turn   | Place    | Note
-------+----------+-------------------------------------------
     0 | D:5      | Reached skill level 9 in Stealth
     0 | D:5      | DocClef the Gnoll Delver began the quest for the Orb.
     0 | D:5      | Reached XP level 1. HP: 23/23 MP: 1/1
    16 | D:5      | Noticed a scorpion
    24 | D:5      | Noticed a necrophage
    25 | D:5      | Killed a scorpion
    26 | D:5      | Reached skill level 1 in Long Blades
    26 | D:5      | Reached skill level 1 in Axes
    26 | D:5      | Reached skill level 1 in Maces & Flails
    26 | D:5      | Reached skill level 1 in Polearms
    26 | D:5      | Reached skill level 1 in Staves
    26 | D:5      | Reached skill level 1 in Slings
    26 | D:5      | Reached skill level 1 in Bows
    26 | D:5      | Reached skill level 1 in Crossbows
    26 | D:5      | Reached skill level 1 in Throwing
    26 | D:5      | Reached skill level 1 in Armour
    26 | D:5      | Reached skill level 1 in Shields
    26 | D:5      | Reached skill level 1 in Unarmed Combat
    26 | D:5      | Reached skill level 1 in Spellcasting
    26 | D:5      | Reached skill level 1 in Invocations
    26 | D:5      | Reached skill level 1 in Evocations
    26 | D:5      | Reached XP level 2. HP: 27/29 MP: 1/3
    26 | D:5      | Reached XP level 3. HP: 33/35 MP: 1/4
    37 | D:5      | Slain by a necrophage

Illustrated notes

Levels and vault maps discovered:
D:5:      layout_layer_cave, serial_shops, kennysheep_mini

Skill      XL: |  1 |
---------------+----+-----
Stealth        | |  9.6
Long Blades    | 1 |  1.0
Axes           | 1 |  1.0
Maces & Flails | 1 |  1.0
Polearms       | 1 |  1.0
Staves         | 1 |  1.0
Slings         | 1 |  1.0
Bows           | 1 |  1.0
Crossbows      | 1 |  1.0
Throwing       | 1 |  1.0
Armour         | 1 |  1.0
Shields        | 1 |  1.0
Unarmed Combat | 1 |  1.0
Spellcasting   | 1 |  1.0
Invocations    | 1 |  1.0
Evocations     | 1 |  1.0
Fighting       | |  6.5
Short Blades   | |  4.6
Dodging        | |  4.6
Conjurations   | |  0.7
Hexes          | |  0.7
Summonings     | |  0.7
Necromancy     | |  0.7
Translocations | |  0.7
Transmutations | |  0.7
Fire Magic     | |  0.7
Ice Magic      | |  0.7
Air Magic      | |  0.7
Earth Magic    | |  0.7
Poison Magic   | |  0.7

Action                   || total
-------------------------++-------
Melee: Short sword       ||    17
       Bite              ||     1
 Stab: Sleeping          ||     1
Armor: Leather armour    ||     1
Dodge: Dodged            ||     6

Table legend: (Time is in decaauts)
 A = Elapsed time spent in this place.
 B = Non-inter-level travel time spent in this place.
 C = Inter-level travel time spent in this place.
 D = Time resting spent in this place.
 E = Time spent auto-exploring this place.
 F = Levels seen in this place.
 G = Mean time per level.
                   A        B        C        D        E       F      G
               +--------+--------+--------+--------+--------+-----+--------+
         Total |     35 |     35 |      0 |      0 |      3 |   1 |   35.0 |
       Dungeon |     35 |     35 |      0 |      0 |      3 |   1 |   35.0 |
               +--------+--------+--------+--------+--------+-----+--------+

Top non-repeatable levels by time:
     D:5: 35 daAuts
